 Dungeon Crawl Stone Soup version 0.29.1-2-gbd0b4ee654 (webtiles) character file.

Game seed: 5880280723380964136

71 GigaChad the Covered (level 4, -4/41 HPs)
             Began as a Minotaur Fighter on Nov 29, 2022.
             Slain by Terence
             ... wielding a +0 mace
              (9 damage)
             ... on level 3 of the Dungeon.
             The game lasted 00:02:23 (1307 turns).

GigaChad the Covered (Minotaur Fighter)             Turns: 1307, Time: 00:02:24

Health: -4/41      AC:  7    Str: 23    XL:     4   Next: 5%
Magic:  3/3        EV:  9    Int:  5    God:
Gold:   30         SH:  4    Dex:  9    Spells: 3/3 levels left

rFire   . . .      SeeInvis .   a - +0 war axe
rCold   . . .      Faith    .   c - +0 buckler
rNeg    . . .      Spirit   .   b - +0 scale mail
rPois   .          Reflect  .   (helmet restricted)
rElec   .          Harm     .   (no cloak)
rCorr   .          Rampage  .   (no gloves)
Will    .....                   (no boots)
Stlth   ..........              (no amulet)
HPRegen 0.13/turn               (no ring)
MPRegen 0.08/turn               (no ring)

@: no status effects
A: horns 2, retaliatory headbutt
a: no special abilities


You were on level 3 of the Dungeon.
You visited 1 branch of the dungeon, and saw 3 of its levels.

You collected 30 gold pieces.

Inventory:

Hand Weapons
 a - a +0 war axe (weapon)
Armour
 b - a +0 scale mail (worn)
 c - a +0 buckler (worn)
Scrolls
 i - 2 scrolls of vulnerability {unknown}
 j - a scroll of amnesia {unknown}
 k - 2 scrolls of teleportation
 l - 2 scrolls of enchant armour {unknown}
Potions
 d - 2 potions of might
 e - 2 potions of cancellation {unknown}
 f - 2 potions of heal wounds {unknown}
 g - 2 potions of brilliance {unknown}
 h - a potion of ambrosia {unknown}
 m - a potion of curing {unknown}


   Skills:
 + Level 4.4 Fighting
 + Level 3.3 Axes
 + Level 4.4 Armour
 + Level 0.1 Dodging
 + Level 4.1 Shields


You had 3 spell levels left.
You didn't know any spells.
Your spell library was empty.

Dungeon Overview and Level Annotations

Branches:
Dungeon (3/15)

Altars:

Annotations:
D:3 Terence


Innate Abilities, Weirdness & Mutations

You have a pair of horns on your head.
You reflexively headbutt those who attack you in melee.


Message History

You closely miss Terence.
Terence is heavily wounded.
Terence hits you with a +0 mace.
You barely miss Terence.
Terence is heavily wounded.
Terence hits you with a +0 mace. x2
You barely miss Terence.
Terence is heavily wounded.
You hit the adder. Terence hits you with a +0 mace.
The adder barely misses you. You furiously retaliate!
You headbutt the adder!
You kill the adder!
You have reached level 4!
You feel stronger.
You hit Terence.
Terence is heavily wounded.
Terence closely misses you. You furiously retaliate!
You headbutt Terence, but do no damage. Terence hits you with a +0 mace.
* * * LOW HITPOINT WARNING * * *
You barely miss Terence. Your headbutt misses Terence.
Terence is heavily wounded.
Terence hits you with a +0 mace.
* * * LOW HITPOINT WARNING * * *
You closely miss Terence.
Terence is heavily wounded.
Terence barely misses you. You furiously retaliate!
You headbutt Terence, but do no damage. Terence hits you with a +0 mace.
* * * LOW HITPOINT WARNING * * *
You barely miss Terence.
Terence is heavily wounded.
Terence closely misses you.
You hit Terence. You headbutt Terence.
Terence is almost dead.
Terence hits you with a +0 mace.
* * * LOW HITPOINT WARNING * * *
You hit Terence. Your headbutt misses Terence.
Terence is almost dead.
Terence hits you with a +0 mace.
* * * LOW HITPOINT WARNING * * *
Terence hits you with a +0 mace!
You die...

........##.###....#.
#..#.####...[#
#...... .
.........##.#
#....#. #.
.#.####.##.....#.###
..
...####.####.###.# #
#........#..........
. #..#.###.####.###
#.###.#.###.####.#
#.....†@.........#
#######@##########
#.# #.# #.# #.# ..#
...


You could see Terence.

Vanquished Creatures
  2 adders
  2 dart slugs
  7 ball pythons
  3 bats
  2 endoplasms (D:2)
  2 goblins
  9 hobgoblins
  6 jackals (D:1)
  A quokka (D:2)
  A frilled lizard (D:2)
  5 kobolds
  5 rats
45 creatures vanquished.

Vanquished Creatures (others)
  A butterfly (D:3)
1 creature vanquished.

Grand Total: 46 creatures vanquished

Notes
Turn   | Place    | Note
-------+----------+-------------------------------------------
     0 | D:1      | GigaChad the Minotaur Fighter began the quest for the Orb.
     0 | D:1      | Reached XP level 1. HP: 19/19 MP: 0/0
    95 | D:1      | Reached XP level 2. HP: 27/27 MP: 1/1
   428 | D:1      | Reached XP level 3. HP: 29/33 MP: 2/2
  1292 | D:3      | Noticed Terence
  1302 | D:3      | Reached XP level 4. HP: 16/41 MP: 3/3
  1307 | D:3      | Slain by Terence

Illustrated notes

Levels and vault maps discovered:
D:1:      amcnicky_arrival_blooded_trapdoor, layout_loops_cross
D:2:      layout_rooms, serial_bayou_lagoon_a
D:3:      layout_loops_ring, nicolae_elyvilon_peaceful_grove,
          dreamdust_ecumenical_altar_angels_and_demons,
          guppyfry_early_lair_pool, uniq_terence

Skill      XL: |  1  2  3 |
---------------+----------+-----
Fighting       | 4 |  4.4
Armour         | 4 |  4.4
Shields        | 4 |  4.1
Axes           | 3 |  3.3
Dodging        | |  0.1

Action                   |  1- 3 |  4- 6 || total
-------------------------+-------+-------++-------
Melee: War axe           |    93 |     6 ||    99
       Headbutt          |     6 |     1 ||     7
  Use: Scroll            |     1 |       ||     1
Armor: Scale mail        |    43 |       ||    43
Dodge: Dodged            |    54 |     3 ||    57
Block: Buckler           |    21 |       ||    21
